 Dungeon Crawl Stone Soup version 0.19.0-2-gae57169 (webtiles) character file.

288 kae the Cudgeler (level 6, -1/51 HPs)
             Began as a Formicid Fighter on Nov 6, 2016.
             Slain by an ogre
             ... wielding a +0 giant club
              (10 damage)
             ... on level 4 of the Dungeon.
             The game lasted 00:02:56 (2982 turns).

kae the Cudgeler (Formicid Fighter)                 Turns: 2982, Time: 00:02:57

Health: -1/51      AC: 12    Str: 23    XL:     6   Next: 57%
Magic:  6/6        EV:  4    Int:  7    God:
Gold:   144        SH:  9    Dex: 10    Spells: 0 memorised, 5 levels left

rFire  . . .     SeeInvis +     a - +0 flail
rCold  . . .     Gourm    .     p - +0 plate armour
rNeg   + . .     Faith    .     c - +0 shield
rPois  .         Spirit   .     (helmet unavailable)
rElec  .         Reflect  .     (no cloak)
rCorr  .         Harm     .     (no gloves)
MR     .....                    l - +0 pair of boots
Stlth  ..........               (no amulet)
                                (no ring)
                                h - ring of positive energy

@: no status effects
A: permanent stasis, dig shafts and tunnels, four strong arms, antennae 3
a: Dig, Shaft Self


You were on level 4 of the Dungeon.
You were not hungry.

You visited 1 branch of the dungeon, and saw 4 of its levels.

You collected 144 gold pieces.

Inventory:

Hand Weapons
 a - a +0 flail (weapon)
Armour
 b - a +0 scale mail
 c - a +0 shield (worn)
 l - a +0 pair of boots (worn)
 p - a +0 plate armour (worn)
Jewellery
 h - a ring of positive energy (left hand)
Scrolls
 e - a scroll of noise {unknown}
 j - 5 scrolls of identify {unknown}
 k - 4 scrolls of remove curse {unknown}
 n - 3 scrolls of teleportation {unknown}
 t - 2 scrolls of recharging {unknown}
 u - a scroll of enchant armour {unknown}
 v - a scroll of fog {unknown}
 y - 3 scrolls of amnesia {unknown}
Potions
 d - 2 potions of might
 m - 2 potions of cancellation {unknown}
 o - a potion of lignification {unknown}
 w - 2 potions of flight {unknown}
 x - 2 potions of curing {unknown}
Comestibles
 f - 5 bread rations
 g - 2 meat rations
 q - a slice of pizza
 r - 4 fruits
 s - a chunk of flesh


   Skills:
 + Level 5.0 Fighting
 * Level 5.4 Maces & Flails
 - Level 3.2 Armour
 - Level 3.6 Shields


You had 5 spell levels left.
You didn't know any spells.

Dungeon Overview and Level Annotations

Branches:
Dungeon (4/15)
 Temple: D:4-7

Altars:
Kikubaaqudgha
Sif Muna
Yredelemnul


Innate Abilities, Weirdness & Mutations

You are under a permanent stasis effect.
You can dig through walls and to a lower floor.
Your four strong arms can wield two-handed weapons with a shield.
You have a pair of large antennae on your head. (SInv)


Message History

You hit the ogre.
The ogre is moderately wounded.
The ogre hits you with a giant club!!
* * * LOW HITPOINT WARNING * * *
You closely miss the ogre.
The ogre is lightly wounded.
The ogre hits you with a giant club!
* * * LOW HITPOINT WARNING * * *
You feel much better.
You hit the ogre but do no damage.
The ogre is lightly wounded.
You block the ogre's attack.
You closely miss the ogre.
The ogre is lightly wounded.
The ogre hits you with a giant club!
* * * LOW HITPOINT WARNING * * *
Your shield and plate armour prevent you from hitting the ogre.
The ogre is lightly wounded.
The ogre hits you with a giant club!
You die...

#.# ## ≈≈ ≈..{... . ≈#≈
≈≈≈ #.# #.# .# ≈ ≈≈
#≈##.# #.####.# .# ≈#
≈≈..###.#....# .. .≈##≈
###...##.#....#...
...#≈##.....##.#.)......
............##.#@O......
..............[...#....>
........................
...##.####.###.#..###...
. #.# #.###.#..### #.##
#.......... ..# ## #..#
#####....... ... ..#.#
##.# #....#####.# #.#.#
#.# #.......##.# #.#.#


You could see an ogre.

Vanquished Creatures
  A scorpion (D:3)
  An orc wizard (D:3)
  An orc priest (D:3)
  A bullfrog skeleton (D:4)
  7 adders
  3 oozes
  3 dart slugs
  A leopard gecko (D:1)
  9 orcs (D:3)
  8 bats
  4 giant cockroaches
  6 goblins
  6 hobgoblins
  A quokka (D:3)
  2 ball pythons (D:3)
  4 frilled lizards
  6 kobolds
  6 rats
70 creatures vanquished.

Notes
Turn   | Place    | Note
-------+----------+-------------------------------------------
     0 | D:1      | kae the Formicid Fighter began the quest for the Orb.
     0 | D:1      | Reached XP level 1. HP: 18/18 MP: 1/1
   183 | D:1      | Reached XP level 2. HP: 16/24 MP: 2/2
   565 | D:1      | Reached XP level 3. HP: 24/30 MP: 3/3
  1072 | D:2      | Reached XP level 4. HP: 37/37 MP: 4/4
  2026 | D:2      | Reached XP level 5. HP: 42/42 MP: 5/5
  2275 | D:3      | Found an ancient bone altar of Kikubaaqudgha.
  2313 | D:3      | Found a basalt altar of Yredelemnul.
  2455 | D:3      | Reached XP level 6. HP: 38/50 MP: 6/6
  2594 | D:3      | Reached skill level 5 in Maces & Flails
  2705 | D:3      | Reached skill level 5 in Fighting
  2892 | D:4      | Found a deep blue altar of Sif Muna.
  2970 | D:4      | Noticed an ogre
  2982 | D:4      | Slain by an ogre

Skill      XL: |  1  2  3  4  5  6 |
---------------+-------------------+-----
Maces & Flails | 3 4 5 |  5.4
Fighting       | 4 5 |  5.0
Armour         | |  3.2
Shields        | |  3.6

Action                   |  1- 3 |  4- 6 || total
-------------------------+-------+-------++-------
Melee: Flail             |   114 |   194 ||   308
  Use: Potion            |       |     2 ||     2
  Eat: Chunk             |     1 |     6 ||     7
Armor: Scale mail        |    65 |    17 ||    82
       Plate armour      |       |    76 ||    76
Dodge: Dodged            |    40 |    47 ||    87
Block: Shield            |    60 |    96 ||   156
